 Dungeon Crawl Stone Soup version 0.21.1-1-g345015f (webtiles) character file.

581 Gingerlord the Charmwright (level 7, -5/56 HPs)
             Began as a Gnoll Skald on May 27, 2018.
             Was an Initiate of Makhleb.
             Slain by a hornet (8 damage)
             ... while paralysed by a hornet
             ... on level 5 of the Dungeon.
             The game lasted 00:09:24 (5310 turns).

Gingerlord the Charmwright (Gnoll Skald)            Turns: 5310, Time: 00:09:24

Health: -5/56      AC:  7    Str: 16    XL:     7   Next: 36%
Magic:  13/15      EV:  2    Int: 15    God:    Makhleb [......]
Gold:   314        SH:  0    Dex: 14    Spells: 10/17 levels left

rFire    . . .     SeeInvis .   a - +0 falchion
rCold    . . .     Gourm    .   (no shield)
rNeg     . . .     Faith    .   g - +0 ring mail
rPois    .         Spirit   .   (no helmet)
rElec    .         Reflect  .   v - +1 cloak (curse)
rCorr    +         Harm     .   (no gloves)
MR       .....                  (no boots)
Stlth    +.........             (no amulet)
HPRegen  0.18/turn              e - ring of resist corrosion
MPRegen  0.14/turn              p - ring of wizardry

@: paralysed, slowed, drained
A: distributed training, fangs 1, strong nose
a: Renounce Religion


You were on level 5 of the Dungeon.
You worshipped Makhleb.
Makhleb was noncommittal.
You were not hungry.

You visited 1 branch of the dungeon, and saw 5 of its levels.

You collected 314 gold pieces.

Inventory:

Hand Weapons
 a - a +0 falchion (weapon)
Armour
 g - a +0 ring mail (worn)
 t - a +0 large shield
 v - a cursed +1 cloak (worn)
Jewellery
 e - a ring of resist corrosion (left hand)
 p - a ring of wizardry (right hand)
 y - an uncursed ring of ice
Scrolls
 b - a scroll of magic mapping
 i - a scroll of identify
 j - 2 scrolls of noise {unknown}
 k - 2 scrolls of enchant armour
 l - 2 scrolls of remove curse {unknown}
 o - 2 scrolls of immolation {unknown}
 q - a scroll of random uselessness {unknown}
 r - 2 scrolls of teleportation
 u - a scroll of fear {unknown}
Potions
 f - a potion of resistance
 h - a potion of haste
 m - a potion of cancellation {unknown}
 n - 3 potions of heal wounds {unknown}
 s - a potion of flight {unknown}
Books
 c - a book of Battle

   Spells                             Type                      Level
   a - Infusion                       Charms                       1
   b - Shroud of Golubria             Charms/Translocation         2
   c - Song of Slaying                Charms                       2
   d - Spectral Weapon                Hexes/Charms                 3
   e - Regeneration                   Charms/Necromancy            3
Comestibles
 d - 10 rations


   Skills:
 + Level 5.2(4.2) Fighting
 + Level 2.4(1.5) Short Blades
 + Level 5.2(4.2) Long Blades
 + Level 2.4(1.5) Axes
 + Level 2.4(1.5) Maces & Flails
 + Level 2.4(1.5) Polearms
 + Level 2.4(1.5) Staves
 + Level 2.4(1.5) Slings
 + Level 2.4(1.5) Bows
 + Level 2.4(1.5) Crossbows
 + Level 2.4(1.5) Throwing
 + Level 3.5(2.6) Armour
 + Level 5.2(4.2) Dodging
 + Level 2.4(1.5) Stealth
 + Level 2.4(1.5) Shields
 + Level 2.4(1.5) Unarmed Combat
 + Level 5.6(4.6) Spellcasting
 + Level 2.0(1.1) Conjurations
 + Level 2.0(1.1) Hexes
 + Level 5.8(4.8) Charms
 + Level 2.0(1.1) Summonings
 + Level 2.0(1.1) Necromancy
 + Level 2.0(1.1) Translocations
 + Level 2.0(1.1) Transmutations
 + Level 2.0(1.1) Fire Magic
 + Level 2.0(1.1) Ice Magic
 + Level 2.0(1.1) Air Magic
 + Level 2.0(1.1) Earth Magic
 + Level 2.0(1.1) Poison Magic
 + Level 2.6(1.7) Invocations
 + Level 2.4(1.5) Evocations


You had 10 spell levels left.
You knew the following spells:

 Your Spells              Type           Power        Failure   Level  Hunger
a - Infusion              Chrm           ###.         1%          1    None
b - Regeneration          Chrm/Necr      ##........   12%         3    ###....
c - Spectral Weapon       Hex/Chrm       ##......     12%         3    ###....


Dungeon Overview and Level Annotations

Branches:
Dungeon (5/15)
 Temple: D:4-7

Altars:
Cheibriados
Elyvilon
Gozag
Makhleb
Okawaru
Qazlal
Trog
Xom
Yredelemnul
Zin
The Shining One

Annotations:
D:4 1 exclusion


Innate Abilities, Weirdness & Mutations

Your experience applies equally to all skills.
You have very sharp teeth.
Your uncanny sense of smell can sniff out nearby items.


Message History

Unknown command.
You hit the hornet but do no damage.
The hornet is moderately wounded.
Your spectral weapon hits the hornet but does no damage.
The hornet misses you.
You riposte.
You closely miss the hornet.
The hornet is moderately wounded.
The hornet stings you.
You feel as though you will be slow longer.
You barely miss the hornet.
The hornet is moderately wounded.
Your spectral weapon closely misses the hornet.
The hornet stings you!
* * * LOW HITPOINT WARNING * * *
You feel as though you will be slow longer.
The hornet stings you but does no damage.
The hornet stings you!
* * * LOW HITPOINT WARNING * * *
You suddenly lose the ability to move!
The hornet stings you!
You die...

#### #..
...# #.#
##.#######
#.#
#.......#
#.#
#######.#
#.# #.# #.#
#.# #.#
#.########y#
#........@(#
############


You could see a hornet and a friendly spectral falchion.

Vanquished Creatures
  An ice beast (D:5)
  An ogre (D:4)
  A scorpion (D:5)
  A crimson imp (D:5)
  Crazy Yiuf (D:4)
  An orc priest (D:3)
  A gnoll shaman (D:2)
  Ijyb (D:4)
  A worker ant (D:4)
  A hound skeleton (D:5)
  An adder (D:5)
  5 gnolls (D:2)
  An ooze (D:3)
  An adder skeleton (D:5)
  A worm (D:4)
  5 dart slugs
  A leopard gecko (D:4)
  17 orcs
  A giant cockroach (D:1)
  3 goblins
  5 hobgoblins
  9 jackals
  5 kobolds
  5 quokkas
  A ball python skeleton (D:4)
  8 bats
  5 frilled lizards
  7 rats
91 creatures vanquished.

Notes
Turn   | Place    | Note
-------+----------+-------------------------------------------
     0 | D:1      | Gingerlord the Gnoll Skald began the quest for the Orb.
     0 | D:1      | Reached XP level 1. HP: 20/20 MP: 6/6
   209 | D:1      | Reached XP level 2. HP: 26/26 MP: 7/7
  1059 | D:2      | Found a bloodstained altar of Trog.
  1091 | D:2      | Found a snail-covered altar of Cheibriados.
  1101 | D:2      | Reached XP level 3. HP: 28/31 MP: 9/9
  1125 | D:2      | Found a glowing golden altar of the Shining One.
  1126 | D:2      | Found a shimmering altar of Xom.
  1192 | D:2      | Reached skill level 5 in Spellcasting
  1297 | D:2      | Reached skill level 1 in Short Blades
  1297 | D:2      | Reached skill level 1 in Axes
  1297 | D:2      | Reached skill level 1 in Maces & Flails
  1297 | D:2      | Reached skill level 1 in Polearms
  1297 | D:2      | Reached skill level 1 in Staves
  1297 | D:2      | Reached skill level 1 in Slings
  1297 | D:2      | Reached skill level 1 in Bows
  1297 | D:2      | Reached skill level 1 in Crossbows
  1297 | D:2      | Reached skill level 1 in Throwing
  1297 | D:2      | Reached skill level 1 in Stealth
  1297 | D:2      | Reached skill level 1 in Shields
  1297 | D:2      | Reached skill level 1 in Unarmed Combat
  1297 | D:2      | Reached skill level 1 in Invocations
  1297 | D:2      | Reached skill level 1 in Evocations
  1297 | D:2      | Reached XP level 4. HP: 15/38 MP: 6/11
  1322 | D:2      | Reached skill level 1 in Conjurations
  1322 | D:2      | Reached skill level 1 in Hexes
  1322 | D:2      | Reached skill level 1 in Summonings
  1322 | D:2      | Reached skill level 1 in Necromancy
  1322 | D:2      | Reached skill level 1 in Translocations
  1322 | D:2      | Reached skill level 1 in Transmutations
  1322 | D:2      | Reached skill level 1 in Fire Magic
  1322 | D:2      | Reached skill level 1 in Ice Magic
  1322 | D:2      | Reached skill level 1 in Air Magic
  1322 | D:2      | Reached skill level 1 in Earth Magic
  1322 | D:2      | Reached skill level 1 in Poison Magic
  1587 | D:2      | Found a white marble altar of Elyvilon.
  1972 | D:3      | Reached XP level 5. HP: 41/43 MP: 12/12
  1975 | D:3      | Found a stormy altar of Qazlal.
  1982 | D:3      | Found a basalt altar of Yredelemnul.
  2263 | D:3      | Found a burning altar of Makhleb.
  2263 | D:3      | Found a glowing silver altar of Zin.
  2264 | D:3      | Noticed an angel
  2264 | D:3      | Noticed a cacodemon
  2322 | D:3      | Became a worshipper of Makhleb the Destroyer
  2502 | D:3      | Found an opulent altar of Gozag.
  2726 | D:3      | Found an iron altar of Okawaru.
  3000 | D:4      | Found a runed door.
  3006 | D:4      | Learned a level 3 spell: Regeneration
  3010 | D:4      | Learned a level 3 spell: Spectral Weapon
  3013 | D:4      | Noticed Crazy Yiuf
  3020 | D:4      | Killed Crazy Yiuf
  3280 | D:4      | Reached XP level 6. HP: 50/50 MP: 13/13
  3289 | D:4      | Noticed a phantom
  3292 | D:4      | Noticed Ijyb
  3506 | D:4      | Killed Ijyb
  4321 | D:4      | Reached skill level 5 in Fighting
  4321 | D:4      | Reached skill level 5 in Long Blades
  4321 | D:4      | Reached skill level 5 in Dodging
  4865 | D:5      | Entered Level 5 of the Dungeon
  4978 | D:5      | Reached XP level 7. HP: 44/56 MP: 15/15
  5299 | D:5      | Noticed a hornet
  5309 | D:5      | HP: 2/56 [hornet (13)]
  5309 | D:5      | Paralysed by a hornet for 2 turns
  5310 | D:5      | Slain by a hornet

Skill      XL: |  1  2  3  4  5  6  7 |
---------------+----------------------+-----
Spellcasting   | 5 |  5.6
Short Blades   | 1 2 |  2.4
Axes           | 1 2 |  2.4
Maces & Flails | 1 2 |  2.4
Polearms       | 1 2 |  2.4
Staves         | 1 2 |  2.4
Slings         | 1 2 |  2.4
Bows           | 1 2 |  2.4
Crossbows      | 1 2 |  2.4
Throwing       | 1 2 |  2.4
Stealth        | 1 2 |  2.4
Shields        | 1 2 |  2.4
Unarmed Combat | 1 2 |  2.4
Invocations    | 1 2 |  2.6
Evocations     | 1 2 |  2.4
Conjurations   | 1 2 |  2.0
Hexes          | 1 2 |  2.0
Summonings     | 1 2 |  2.0
Necromancy     | 1 2 |  2.0
Translocations | 1 2 |  2.0
Transmutations | 1 2 |  2.0
Fire Magic     | 1 2 |  2.0
Ice Magic      | 1 2 |  2.0
Air Magic      | 1 2 |  2.0
Earth Magic    | 1 2 |  2.0
Poison Magic   | 1 2 |  2.0
Armour         | 3 |  3.5
Fighting       | 5 |  5.2
Long Blades    | 5 |  5.2
Dodging        | 5 |  5.2
Charms         | |  5.8

Action                   |  1- 3 |  4- 6 |  7- 9 || total
-------------------------+-------+-------+-------++-------
Melee: Falchion          |    88 |   288 |    36 ||   412
       Bite              |    11 |    41 |     8 ||    60
       Punch             |       |     2 |       ||     2
       Unarmed           |       |    13 |       ||    13
 Cast: Infusion          |     1 |       |       ||     1
       Spectral Weapon   |       |     1 |     1 ||     2
  Use: Potion            |       |     1 |       ||     1
       Scroll            |       |     6 |       ||     6
 Stab: Confused          |       |     1 |       ||     1
  Eat: Chunk             |     1 |     5 |       ||     6
       Ration            |       |     2 |     1 ||     3
Armor: Ring mail         |    25 |    79 |    12 ||   116
Dodge: Dodged            |    67 |   204 |    19 ||   290
       Rpst.: Falchion   |    22 |    61 |     5 ||    88
